[Event "Austria Championship Blitz 2024"]
[Site "Innsbruck"]
[Date "2024.06.01"]
[Round "1.23"]
[White "Kienboeck, Benjamin"]
[Black "Guba, Viktor"]
[Result "1-0"]
[ECO "C79"]
[WhiteElo "2187"]
[BlackElo "1891"]
[Annotator "RC"]
[PlyCount "46"]
[EventDate "2024.06.01"]
[EventType "swiss"]
[EventCountry "AUT"]
[SourceTitle "playchess.com"]
[Source "ChessBase"]
[SourceQuality "1"]
[TimeControl "180+2"]

1. e4 e5 2. Nf3 Nc6 3. Bb5 a6 4. Ba4 d6 5. Bxc6+ bxc6 6. d4 exd4 7. Nxd4 c5 8. Nf3 Bb7 9. Nc3 Nf6 10. O-O Be7 11. Re1 O-O 12. Bf4 Nh5 13. Be3 f5 14. Nd2 g6 15. exf5 Bg5 16. fxg6 hxg6 17. Nde4 Bxe3 18. Rxe3 d5 19. Nxc5 Bc6 20. Ne6 Qf6 21. Nxf8 d4 22. Rf3 Bxf3 23. Qxf3 dxc3 1-0

[Event "Austria Championship Blitz 2024"]
[Site "Innsbruck"]
[Date "2024.06.01"]
[Round "1.24"]
[White "Neubauer, Anton"]
[Black "Kummer, Helmut"]
[Result "0-1"]
[ECO "C65"]
[WhiteElo "1857"]
[BlackElo "2212"]
[Annotator "RC"]
[PlyCount "50"]
[EventDate "2024.06.01"]
[EventType "swiss"]
[EventCountry "AUT"]
[SourceTitle "playchess.com"]
[Source "ChessBase"]
[SourceQuality "1"]
[TimeControl "180+2"]

1. e4 e5 2. Nf3 Nc6 3. Bb5 Nf6 4. d3 Bc5 5. c3 d6 6. h3 O-O 7. O-O h6 8. Re1 Bb6 9. a3 Bd7 10. Bc4 Ne7 11. Nbd2 Ng6 12. Nf1 Be6 13. Bb5 c6 14. Ba4 Re8 15. Be3 Qc7 16. Rc1 d5 17. Bxb6 axb6 18. Qd2 Rad8 19. Bc2 dxe4 20. N3h2 exd3 21. Bd1 Nf4 22. Ng3 c5 23. Nf3 Bd5 24. Nf5 Kh7 25. Ne3 Ne4 0-1

[Event "Austria Championship Blitz 2024"]
[Site "Innsbruck"]
[Date "2024.06.01"]
[Round "2.1"]
[White "Wetscher, Wolfgang"]
[Black "Blohberger, Felix"]
[Result "0-1"]
[ECO "A00"]
[WhiteElo "1937"]
[BlackElo "2506"]
[Annotator "TA"]
[PlyCount "154"]
[EventDate "2024.06.01"]
[EventType "swiss"]
[EventCountry "AUT"]
[SourceTitle "playchess.com"]
[Source "ChessBase"]
[SourceQuality "1"]
[TimeControl "180+2"]

1. c3 Nf6 2. Qc2 d5 3. d3 e5 4. Nd2 Nc6 5. e4 Bc5 6. h3 {[%emt 0:00:00] A00: Irregular Openings.} O-O 7. Ngf3 a5 8. Be2 Re8 9. Nf1 b6 10. a4 $146 ({Predecessor:} 10. g4 Ba6 11. Ng3 dxe4 12. dxe4 Bxe2 13. Qxe2 Qc8 14. Bg5 Nd7 15. O-O-O Nf8 16. h4 {0-1 Titichoca Daza,D (2090)-Hristodoulou,P (2302) Titled Tuesday intern op 5th May blitz 2020 (9)}) 10... Ba6 11. Ng3 h6 12. Nf5 Bf8 13. g4 dxe4 (13... Ne7 $15) 14. dxe4 $11 Bxe2 15. Qxe2 Ne7 16. N3h4 Nh7 17. Nxe7+ Bxe7 18. Nf5 Bg5 19. h4 Bxc1 20. Rxc1 Qf6 21. Rd1 Rad8 22. Rxd8 Rxd8 23. Rh3 Nf8 24. Rd3 (24. g5 $1 $11 Qe6 (24... hxg5 25. hxg5 Qxg5 26. Nh6+ gxh6 27. Rg3 $16) 25. Rd3 Rxd3 26. Qxd3) 24... Ne6 $17 25. Rxd8+ Qxd8 26. Qd2 Qxd2+ 27. Kxd2 Nc5 $1 28. f3 Nxa4 29. b3 Nc5 30. Kc2 (30. b4 $17 {was forced.} Ne6 31. bxa5 bxa5 32. Ne3) 30... Kf8 $19 31. Ne3 Ke7 32. Nd5+ Kd6 33. Ne3 Ke6 (33... Kd7 $19 34. Nf5 Ne6) 34. Nf5 Kf6 35. Ne3 Ke7 (35... Na6 $17 {Strongly threatening ...g6.} 36. Kb2 Ke6) 36. Nf5+ $11 Kf8 $2 (36... Kf6 $11 37. Ne3 Ke7) 37. Ne3 $1 $19 f6 38. Nd5 Ne6 39. Kb2 (39. b4 $142) 39... Ke8 40. Ka3 Kd7 41. Ka4 (41. Ne3 $142) 41... Kc6 (41... Nf4 $19 {is more deadly. And now ...Nxd5 would win.} 42. Ne3 Ne2) 42. Ne7+ Kd6 43. Nf5+ Kc5 44. Ka3 $2 (44. Ne7 $17 {was called for.}) 44... b5 $1 $19 45. Kb2 Kb6 (45... b4 $19 46. Kc2 Kb5) 46. Ka3 $17 c6 47. b4 a4 48. Kb2 (48. h5 $17) 48... Kc7 $1 $19 49. Ka3 Kd7 50. Kb2 c5 $2 (50... Ke8 $19 {and Black stays clearly on top. Hoping for ...g6.} 51. h5 Kf8) 51. Ka3 Kc6 $1 52. Ne7+ Kd7 ({Black should play} 52... Kb7 $17 53. bxc5 Nxc5) 53. Nf5 $15 c4 54. Kb2 $2 (54. h5 $15) 54... Kc6 $2 (54... g6 $1 $19 55. Ng3 Nf4) 55. Ne7+ $2 (55. Ka2 $1 $11) 55... Kd6 $19 56. Nf5+ Kd7 $1 57. Ka3 Kc7 $2 (57... g6 $1 $19 58. Nxh6 Nf4) 58. Kb2 Kb6 59. Ka3 Ka6 60. Kb2 Ka7 61. Ka3 Kb7 62. Kb2 Kc7 $1 63. Ka3 {[%emt 0:00:01] [#]} (63. Ka2 $15) 63... Kd7 (63... Kd8 $1 $17 64. h5 Kd7) 64. Kb2 $1 $19 {[%emt 0:00:01] [#]} g6 $1 65. Nxh6 Ke8 66. Ng8 $2 (66. h5 gxh5 67. gxh5) 66... Kf7 $19 67. Nh6+ Kg7 68. g5 fxg5 69. hxg5 Nxg5 70. Ng4 Nxf3 71. Ne3 Nd2 72. Kc2 Nxe4 73. Ng4 a3 74. Nxe5 a2 75. Kb2 Nxc3 76. Nc6 g5 77. Nd4 Kf6 0-1

[Event "Austria Championship Blitz 2024"]
[Site "Innsbruck"]
[Date "2024.06.01"]
[Round "2.2"]
[White "Shengelia, David"]
[Black "Mira, Helene"]
[Result "1-0"]
[ECO "E12"]
[WhiteElo "2465"]
[BlackElo "2047"]
[Annotator "TA"]
[PlyCount "57"]
[EventDate "2024.06.01"]
[EventType "swiss"]
[EventCountry "AUT"]
[SourceTitle "playchess.com"]
[Source "ChessBase"]
[SourceQuality "1"]
[TimeControl "180+2"]

1. d4 d5 2. Nf3 e6 3. c4 Nf6 4. e3 Be7 5. Nc3 O-O 6. a3 b6 7. cxd5 exd5 8. Bd3 Ba6 9. O-O Bxd3 10. Qxd3 c5 11. dxc5 bxc5 12. Rd1 c4 ({Black should play} 12... Qb6 $14) 13. Qc2 $16 Qa5 {[%emt 0:00:24] [#]} 14. Bd2 (14. g4 $1 $16) 14... Qa6 15. Be1 Rd8 16. e4 dxe4 17. Rxd8+ Bxd8 18. Nxe4 Nbd7 19. Bc3 Qc6 20. Re1 Nxe4 (20... g6 $14) 21. Qxe4 Qxe4 22. Rxe4 Nf6 {[%emt 0:00:18] Prevents Re8+.} 23. Rxc4 {[%emt 0:00:04] White is more active.} Nd5 24. Bd4 Bb6 25. Kf1 {[%emt 0:00:16] White is clearly better.} f6 26. Bxb6 axb6 27. Rc6 Kf7 (27... Rd8 $16 {is a better defense.} 28. g3 Kf7) 28. Rd6 $18 Nf4 29. Ke1 $2 {[%emt 0:00:02] Weighted Error Value: White=0.07 (flawless) /Black=0.22 (precise) .  Missed win:     	White=1     	---        Mistake:       	White=1     	Black=3      OK:         	White=12    	Black=3      Best:        	White=1     	---} (29. Rxb6 Rc8 30. Rb7+ Kf8 $16) (29. g3 $18 {has better winning chances.} Ne6 30. Rxb6) 1-0

[Event "Austria Championship Blitz 2024"]
[Site "Innsbruck"]
[Date "2024.06.01"]
[Round "2.3"]
[White "Schwabeneder, Florian"]
[Black "Kienboeck, Benjamin"]
[Result "1-0"]
[ECO "B18"]
[WhiteElo "2405"]
[BlackElo "2187"]
[Annotator "RC"]
[PlyCount "51"]
[EventDate "2024.06.01"]
[EventType "swiss"]
[EventCountry "AUT"]
[SourceTitle "playchess.com"]
[Source "ChessBase"]
[SourceQuality "1"]
[TimeControl "180+2"]

1. e4 c6 2. d4 d5 3. Nc3 dxe4 4. Nxe4 Bf5 5. Ng3 Bg6 6. N1e2 Nf6 7. c3 Nbd7 8. h4 h6 9. Nf4 Bh7 10. Bd3 e5 11. Qe2 Be7 12. dxe5 Nxe5 13. Bxh7 Nxh7 14. Qxe5 O-O 15. O-O Bxh4 16. Nfh5 Bxg3 17. Nxg3 Nf6 18. Be3 Re8 19. Qf5 Qc7 20. Bd4 Re6 21. Rae1 Rae8 22. Rxe6 Rxe6 23. Rd1 Qe7 24. Bxf6 Rxf6 25. Qd7 Qc5 26. Ne4 1-0

[Event "Austria Championship Blitz 2024"]
[Site "Innsbruck"]
[Date "2024.06.01"]
[Round "2.4"]
[White "Kummer, Helmut"]
[Black "Wohlfahrt, Herbert"]
[Result "0-1"]
[ECO "E15"]
[WhiteElo "2212"]
[BlackElo "2328"]
[Annotator "RC"]
[PlyCount "61"]
[EventDate "2024.06.01"]
[EventType "swiss"]
[EventCountry "AUT"]
[SourceTitle "playchess.com"]
[Source "ChessBase"]
[SourceQuality "1"]
[TimeControl "180+2"]

1. d4 Nf6 2. c4 e6 3. Nf3 b6 4. g3 Ba6 5. b3 Bb4+ 6. Bd2 Be7 7. Bg2 c6 8. O-O d5 9. Qc2 O-O 10. Bg5 Nbd7 11. Nbd2 Rc8 12. Rfd1 c5 13. dxc5 Nxc5 14. Rac1 h6 15. Bxf6 Bxf6 16. e4 dxc4 17. Nxc4 Qc7 18. e5 Be7 19. Nd6 Bxd6 20. exd6 Qb8 21. Qd2 Rcd8 22. Ne5 Bb7 23. b4 Bxg2 24. bxc5 Bd5 25. Rb1 Qa8 26. cxb6 Rxd6 27. b7 Qb8 28. Qb4 Rfd8 29. Qf4 Rf8 30. Qb4 f6 31. Nc4 0-1

[Event "Austria Championship Blitz 2024"]
[Site "Innsbruck"]
[Date "2024.06.01"]
[Round "2.5"]
[White "Platzgummer, Fabian"]
[Black "Vrban, Damir"]
[Result "1-0"]
[ECO "C41"]
[WhiteElo "2311"]
[BlackElo "2151"]
[Annotator "RC"]
[PlyCount "89"]
[EventDate "2024.06.01"]
[EventType "swiss"]
[EventCountry "AUT"]
[SourceTitle "playchess.com"]
[Source "ChessBase"]
[SourceQuality "1"]
[TimeControl "180+2"]

1. Nf3 Nc6 2. d4 d6 3. e4 Nf6 4. Nc3 e5 5. dxe5 Nxe5 6. Nxe5 dxe5 7. Qxd8+ Kxd8 8. Bc4 Be6 9. Bxe6 fxe6 10. Bg5 Bd6 11. O-O-O Ke7 12. Rhe1 h6 13. Bxf6+ gxf6 14. Rd3 a6 15. Red1 Rag8 16. g3 h5 17. h4 f5 18. Re1 Rg4 19. Rf3 Rf8 20. exf5 Rxf5 21. Nd5+ Kf7 22. Rxf5+ exf5 23. Ne3 Re4 24. f3 Ra4 25. Nxf5 Rxa2 26. c3 Ra4 27. Kc2 Rc4 28. Re4 Rc6 29. g4 hxg4 30. fxg4 Kf6 31. Ne3 Kg6 32. Nd5 b5 33. Kd3 a5 34. Re1 Ra6 35. Rf1 a4 36. Ne3 a3 37. bxa3 Rxa3 38. h5+ Kg7 39. g5 b4 40. Nf5+ Kg8 41. Nh6+ Kg7 42. Rf7+ Kh8 43. g6 Rxc3+ 44. Ke4 Rh3 45. Rh7# 1-0

[Event "Austria Championship Blitz 2024"]
[Site "Innsbruck"]
[Date "2024.06.01"]
[Round "2.6"]
[White "Gschiel, Alexander"]
[Black "Lerch, Johannes"]
[Result "0-1"]
[ECO "A54"]
[WhiteElo "2355"]
[BlackElo "2208"]
[Annotator "RC"]
[PlyCount "84"]
[EventDate "2024.06.01"]
[EventType "swiss"]
[EventCountry "AUT"]
[SourceTitle "playchess.com"]
[Source "ChessBase"]
[SourceQuality "1"]
[TimeControl "180+2"]

1. d4 Nf6 2. c4 d6 3. Nf3 Nbd7 4. Nc3 e5 5. e3 Be7 6. b3 O-O 7. Bb2 c6 8. Be2 Re8 9. O-O Qc7 10. Qc2 a5 11. Rac1 exd4 12. exd4 Nf8 13. d5 Bg4 14. h3 Bh5 15. dxc6 bxc6 16. Nd4 Bg6 17. Bd3 N8d7 18. Nf5 Bf8 19. Nh4 Nc5 20. Nxg6 hxg6 21. Ba3 Nfd7 22. Ne4 Nxe4 23. Bxe4 d5 24. Bxf8 dxe4 25. Ba3 a4 26. Bb2 axb3 27. axb3 Nf6 28. Rfe1 Qf4 29. g3 Qf5 30. h4 Rad8 31. b4 Rd3 32. Rcd1 Red8 33. Rxd3 exd3 34. Qb3 d2 35. Rd1 Ne4 36. Qe3 Qg4 37. f3 Qxg3+ 38. Kf1 Qh3+ 39. Kg1 Ng3 40. Rxd2 Rxd2 41. Qxd2 Qh1+ 42. Kf2 Qh2+ 0-1

[Event "Austria Championship Blitz 2024"]
[Site "Innsbruck"]
[Date "2024.06.01"]
[Round "2.8"]
[White "Froewis, Annika"]
[Black "Kruckenhauser, Arthur"]
[Result "1/2-1/2"]
[ECO "A45"]
[WhiteElo "2075"]
[BlackElo "2340"]
[Annotator "RC"]
[PlyCount "116"]
[EventDate "2024.06.01"]
[EventType "swiss"]
[EventCountry "AUT"]
[SourceTitle "playchess.com"]
[Source "ChessBase"]
[SourceQuality "1"]
[TimeControl "180+2"]

1. d4 Nf6 2. Bf4 c5 3. d5 d6 4. c4 b5 5. Nc3 bxc4 6. e4 g6 7. Bxc4 Bg7 8. Qd2 Nbd7 9. a4 Rb8 10. Rb1 Qa5 11. Nf3 Nh5 12. Nb5 Qxd2+ 13. Bxd2 Nb6 14. b3 Nxc4 15. bxc4 O-O 16. Ke2 a6 17. Na7 Bd7 18. a5 f5 19. exf5 gxf5 20. Rb6 Nf6 21. Rhb1 Ra8 22. Nc6 Rfe8 23. Rb7 Kf7 24. Ng5+ Kg6 25. Ne6 Bxe6 26. dxe6 Ng8 27. Rc7 Bf6 28. Rbb7 f4 29. Bxf4 Kf5 30. Be3 Kxe6 31. f4 Nh6 32. h3 Nf5 33. Bf2 h5 34. g4 hxg4 35. hxg4 Nd4+ 36. Bxd4 Bxd4 37. Rxe7+ Rxe7 38. Rxe7+ Kf6 39. g5+ Kf5 40. Rf7+ Kg6 41. Rd7 Kf5 42. Rxd6 Kxf4 43. g6 Re8+ 44. Kd2 Be3+ 45. Kd3 Bc1 46. g7 Rg8 47. Rg6 Bb2 48. Ne7 Rxg7 49. Rxg7 Bxg7 50. Nd5+ Ke5 51. Nc7 Kd6 52. Nxa6 Kc6 53. Nb8+ Kc7 54. Na6+ Kc6 55. Ke4 Bc3 56. Kf5 Bxa5 57. Ke6 Be1 58. Nxc5 Kxc5 1/2-1/2

[Event "Austria Championship Blitz 2024"]
[Site "Innsbruck"]
[Date "2024.06.01"]
[Round "2.9"]
[White "Balint, Peter"]
[Black "Keferboeck, Jewgeni"]
[Result "1-0"]
[ECO "B90"]
[WhiteElo "2343"]
[BlackElo "1957"]
[Annotator "RC"]
[PlyCount "63"]
[EventDate "2024.06.01"]
[EventType "swiss"]
[EventCountry "AUT"]
[SourceTitle "playchess.com"]
[Source "ChessBase"]
[SourceQuality "1"]
[TimeControl "180+2"]

1. e4 c5 2. Nf3 d6 3. d4 cxd4 4. Nxd4 Nf6 5. Nc3 a6 6. f3 e5 7. Nb3 Be7 8. Be3 Be6 9. Qd2 O-O 10. O-O-O a5 11. a4 Nc6 12. Kb1 Nb4 13. g4 d5 14. g5 Nxe4 15. fxe4 d4 16. Nxd4 exd4 17. Qxd4 Bxg5 18. Rg1 Qxd4 19. Bxd4 f6 20. b3 Nc6 21. Bb6 Bf4 22. h4 Rfe8 23. Nd5 Bxd5 24. exd5 Ne5 25. d6 Nd7 26. Bc7 Kf8 27. Bb5 Rad8 28. Rde1 Be5 29. Rgf1 Kf7 30. Bxd8 Rxd8 31. Bxd7 Rxd7 32. Rxe5 1-0

[Event "Austria Championship Blitz 2024"]
[Site "Innsbruck"]
[Date "2024.06.01"]
[Round "2.10"]
[White "Cafasso, Elia"]
[Black "Kranzl, Peter"]
[Result "0-1"]
[ECO "B06"]
[WhiteElo "2178"]
[BlackElo "2157"]
[Annotator "RC"]
[PlyCount "84"]
[EventDate "2024.06.01"]
[EventType "swiss"]
[EventCountry "AUT"]
[SourceTitle "playchess.com"]
[Source "ChessBase"]
[SourceQuality "1"]
[TimeControl "180+2"]

1. e4 c6 2. d4 d6 3. Nf3 Nf6 4. Nc3 g6 5. a4 Bg7 6. Bd3 O-O 7. O-O Nbd7 8. e5 dxe5 9. dxe5 Ng4 10. e6 fxe6 11. Qe2 Nde5 12. Be4 Nxf3+ 13. Bxf3 Ne5 14. Be4 a5 15. Be3 Qc7 16. Rad1 Nf7 17. Rd2 Nd6 18. Bf3 Nf5 19. Rfd1 e5 20. Be4 Nd4 21. Qe1 Bf5 22. f3 Rad8 23. Qg3 Qb6 24. Bxf5 gxf5 25. Bxd4 exd4 26. Ne2 e5 27. Kh1 c5 28. b3 Qg6 29. Qh3 Bh6 30. Rd3 Be3 31. Ng3 e4 32. fxe4 fxe4 33. R3d2 Bxd2 34. Rxd2 e3 35. Rd1 Rf2 36. Qh4 Rdf8 37. h3 e2 38. Re1 Qxc2 39. Qg5+ Qg6 40. Qd5+ Kh8 41. Nxe2 Re8 42. Qxc5 Qxg2# 0-1

[Event "Austria Championship Blitz 2024"]
[Site "Innsbruck"]
[Date "2024.06.01"]
[Round "2.11"]
[White "Schnegg, Anna-Lena"]
[Black "Erhard, Jakob"]
[Result "0-1"]
[ECO "E06"]
[WhiteElo "2124"]
[BlackElo "2057"]
[Annotator "RC"]
[PlyCount "96"]
[EventDate "2024.06.01"]
[EventType "swiss"]
[EventCountry "AUT"]
[SourceTitle "playchess.com"]
[Source "ChessBase"]
[SourceQuality "1"]
[TimeControl "180+2"]

1. c4 e6 2. g3 d5 3. cxd5 exd5 4. Bg2 Nf6 5. d4 Be7 6. Nf3 O-O 7. O-O c6 8. Nc3 Bf5 9. Bf4 h6 10. Ne5 Nbd7 11. Qd2 Nxe5 12. Bxe5 Re8 13. Rad1 Bb4 14. Qf4 Bg6 15. a3 Bxc3 16. bxc3 Nd7 17. Bc7 Qe7 18. e3 Qxa3 19. Rc1 a5 20. Bd6 Qa4 21. Ra1 Qc4 22. Rfc1 a4 23. Bf1 Qb3 24. c4 Qb6 25. c5 Qd8 26. Bh3 a3 27. Ra2 Nf6 28. Rca1 Ne4 29. Rxa3 Rxa3 30. Rxa3 Ng5 31. Bg2 Qd7 32. h4 Ne4 33. Qf3 Nd2 34. Qe2 Nc4 35. Ra7 Be4 36. Bf4 Bxg2 37. Kxg2 Qe7 38. Qc2 g5 39. hxg5 hxg5 40. Bd6 Nxd6 41. cxd6 Qd7 42. Qb3 Rb8 43. Qb4 Kg7 44. Qb6 Qf5 45. Qc7 Qe4+ 46. Kg1 Qb1+ 47. Kh2 Rh8+ 48. Kg2 Qh1# 0-1

[Event "Austria Championship Blitz 2024"]
[Site "Innsbruck"]
[Date "2024.06.01"]
[Round "2.12"]
[White "Schranzhofer, Marco"]
[Black "Schnegg, Daniel"]
[Result "0-1"]
[ECO "B07"]
[WhiteElo "1908"]
[BlackElo "2115"]
[Annotator "RC"]
[PlyCount "138"]
[EventDate "2024.06.01"]
[EventType "swiss"]
[EventCountry "AUT"]
[SourceTitle "playchess.com"]
[Source "ChessBase"]
[SourceQuality "1"]
[TimeControl "180+2"]

1. e4 d6 2. c3 g6 3. Qc2 Bg7 4. d4 e6 5. Nf3 Ne7 6. Be2 O-O 7. Bg5 h6 8. Bxe7 Qxe7 9. O-O b6 10. Nbd2 Bb7 11. Rfe1 Nd7 12. a4 c5 13. a5 Rfc8 14. axb6 axb6 15. Qb3 d5 16. exd5 Bxd5 17. Rxa8 Rxa8 18. Bc4 Qd6 19. Bxd5 exd5 20. h3 c4 21. Qb5 Ra5 22. Nxc4 dxc4 23. Qxc4 Nf6 24. b4 Ra8 25. Ne5 Qd5 26. Qc7 b5 27. Nc6 Qd7 28. Re7 Qxc7 29. Rxc7 Nd5 30. Ne7+ Nxe7 31. Rxe7 Rc8 32. Re3 Bf6 33. g3 Kf8 34. Kf1 Re8 35. Ke2 Ra8 36. Kd3 Ra2 37. Rf3 Bg5 38. h4 Rd2+ 39. Ke4 Re2+ 40. Kd3 Rd2+ 41. Ke4 Be7 42. Kd5 g5 43. hxg5 hxg5 44. Rf5 Rd3 45. c4 bxc4 46. Kxc4 Rd2 47. g4 Rb2 48. b5 Rb4+ 49. Kd3 Ke8 50. f3 f6 51. Ke4 Kd7 52. Kd3 Kc7 53. Kc3 Kb6 54. Rxf6+ Bxf6 55. Kxb4 Bxd4 56. Kc4 Be3 57. Kb4 Bc5+ 58. Kc4 Be7 59. Kd5 Kxb5 60. f4 gxf4 61. Ke4 Bg5 62. Kf5 Bh6 63. Kg6 Bf8 64. Kf5 Bd6 65. g5 f3 66. g6 Bf8 67. Ke6 f2 68. Kf7 f1=Q+ 69. Kg8 Qf6 0-1

[Event "Austria Championship Blitz 2024"]
[Site "Innsbruck"]
[Date "2024.06.01"]
[Round "2.13"]
[White "Binder, Moriz"]
[Black "Myagmarsuren, Mandukhai"]
[Result "0-1"]
[ECO "D11"]
[WhiteElo "2210"]
[BlackElo "2092"]
[Annotator "RC"]
[PlyCount "98"]
[EventDate "2024.06.01"]
[EventType "swiss"]
[EventCountry "AUT"]
[SourceTitle "playchess.com"]
[Source "ChessBase"]
[SourceQuality "1"]
[TimeControl "180+2"]

1. d4 d5 2. c4 c6 3. Nf3 Nf6 4. Nbd2 Bf5 5. Nh4 Be4 6. Nxe4 Nxe4 7. Qb3 Qa5+ 8. Kd1 Nxf2+ 9. Kc2 b5 10. Rg1 e6 11. cxb5 cxb5 12. e4 Nxe4 13. Bxb5+ Nd7 14. Rf1 Rc8+ 15. Kb1 f5 16. a3 Bd6 17. Nxf5 exf5 18. Qxd5 Qc7 19. Rxf5 Qxc1+ 20. Ka2 Nc3+ 21. Kb3 Qe3 22. Bxd7+ Kxd7 23. Qf7+ Kc6 24. bxc3 Rb8+ 25. Ka4 Qxc3 26. Qd5+ Kb6 27. Rb1+ Ka6 28. Qxd6+ Rb6 29. Rxb6+ axb6 30. Qb4 Qxb4+ 31. Kxb4 Rd8 32. Kc4 b5+ 33. Kd3 Ka5 34. Rf7 Ra8 35. Rxg7 Ka4 36. Rxh7 Kxa3 37. Rb7 b4 38. d5 b3 39. Kd4 Ra4+ 40. Ke5 Rb4 41. Ra7+ Kb2 42. Rf7 Kc1 43. d6 b2 44. d7 Rb8 45. Ke6 Kc2 46. Ke7 b1=Q 47. d8=Q Rxd8 48. Kxd8 Qb8+ 49. Ke7 Qe5+ 0-1

[Event "Austria Championship Blitz 2024"]
[Site "Innsbruck"]
[Date "2024.06.01"]
[Round "2.14"]
[White "Zanon, Magnus"]
[Black "Blaas, Hansjoerg"]
[Result "1-0"]
[ECO "D00"]
[WhiteElo "2092"]
[BlackElo "2222"]
[Annotator "RC"]
[PlyCount "59"]
[EventDate "2024.06.01"]
[EventType "swiss"]
[EventCountry "AUT"]
[SourceTitle "playchess.com"]
[Source "ChessBase"]
[SourceQuality "1"]
[TimeControl "180+2"]

1. d4 d5 2. Bg5 h6 3. Bd2 Nf6 4. Nc3 c5 5. e3 Nc6 6. Nf3 e6 7. Bb5 Bd7 8. O-O Bd6 9. dxc5 Bxc5 10. Ne2 O-O 11. Ng3 Re8 12. c4 a6 13. cxd5 Nxd5 14. Be2 e5 15. Bc4 Be6 16. e4 Nf6 17. Bxe6 Rxe6 18. Qc2 Bd4 19. Rad1 Rc8 20. Bc3 Qe8 21. Qe2 Bxc3 22. bxc3 Na5 23. Rd3 Rec6 24. Nf5 Rxc3 25. Nd6 Qd7 26. Nxe5 Qe6 27. Nxc8 Rxc8 28. Nf3 Nxe4 29. Re3 f5 30. Nd4 1-0

[Event "Austria Championship Blitz 2024"]
[Site "Innsbruck"]
[Date "2024.06.01"]
[Round "2.15"]
[White "Casagrande, Harald"]
[Black "Polterauer, Chiara"]
[Result "1-0"]
[ECO "A34"]
[WhiteElo "2290"]
[BlackElo "2136"]
[Annotator "RC"]
[PlyCount "113"]
[EventDate "2024.06.01"]
[EventType "swiss"]
[EventCountry "AUT"]
[SourceTitle "playchess.com"]
[Source "ChessBase"]
[SourceQuality "1"]
[TimeControl "180+2"]

1. c4 c5 2. Nc3 Nf6 3. g3 d5 4. cxd5 Nxd5 5. Bg2 Nc7 6. Nf3 Nc6 7. O-O e5 8. d3 Be7 9. Be3 Bd7 10. Rc1 Rc8 11. a3 O-O 12. Nd2 b6 13. Nc4 f6 14. f4 b5 15. Nd2 Nd4 16. Nf3 Nxf3+ 17. Bxf3 Ne6 18. Bd5 Kh8 19. Qb3 Nd4 20. Bxd4 cxd4 21. Ne4 Bg4 22. Kf2 a6 23. Be6 Bxe6 24. Qxe6 Rxc1 25. Rxc1 f5 26. Nd2 exf4 27. gxf4 Bh4+ 28. Kg2 Re8 29. Qxf5 Rxe2+ 30. Kh3 Re3+ 31. Kg2 Re2+ 32. Kf1 Rf2+ 33. Kg1 Rxd2 34. Rc8 Rd1+ 35. Kg2 Rd2+ 36. Kf1 Rd1+ 37. Ke2 Re1+ 38. Kf3 Re3+ 39. Kg4 Re8 40. Rxd8 Bxd8 41. Qd7 Rf8 42. Qxd4 h6 43. f5 Bf6 44. Qd6 Rd8 45. Qxa6 Rd4+ 46. Kf3 Rxd3+ 47. Ke4 Rb3 48. Qc8+ Kh7 49. Qc2 Rxb2 50. Qc6 Rb3 51. Kd5 Rxa3 52. Qxb5 Rf3 53. Ke6 Re3+ 54. Kf7 Re7+ 55. Kf8 Re5 56. Qc4 Re1 57. Qg8# 1-0

[Event "Austria Championship Blitz 2024"]
[Site "Innsbruck"]
[Date "2024.06.01"]
[Round "2.16"]
[White "Walder, Elias"]
[Black "Hengl, Philip"]
[Result "1/2-1/2"]
[ECO "E17"]
[WhiteElo "2035"]
[BlackElo "2173"]
[Annotator "RC"]
[PlyCount "81"]
[EventDate "2024.06.01"]
[EventType "swiss"]
[EventCountry "AUT"]
[SourceTitle "playchess.com"]
[Source "ChessBase"]
[SourceQuality "1"]
[TimeControl "180+2"]

1. c4 Nf6 2. g3 e6 3. Bg2 d5 4. Nf3 Be7 5. b3 O-O 6. Bb2 b6 7. O-O Bb7 8. cxd5 exd5 9. d4 Nbd7 10. Nc3 a6 11. Rc1 Bd6 12. e3 Qe7 13. Qd3 Rac8 14. Rfd1 Ne4 15. Rc2 Ndf6 16. h3 Nh5 17. Qe2 Nhf6 18. Rdc1 Rfe8 19. Nd2 Qe6 20. Ncxe4 Nxe4 21. Nxe4 dxe4 22. Qc4 a5 23. Qxe6 Rxe6 24. h4 Ree8 25. Bh3 Rb8 26. Rd1 Bd5 27. Bf1 b5 28. Bc3 Ra8 29. Bxb5 Reb8 30. Bc4 Bc6 31. Bb2 Rb6 32. Bf1 a4 33. Bc4 axb3 34. Bxb3 Bb5 35. Bc3 Bd3 36. Rcc1 Ba3 37. Ra1 Bd6 38. Rac1 Ba3 39. Ra1 Bd6 40. Rac1 Ba3 41. Ra1 1/2-1/2

[Event "Austria Championship Blitz 2024"]
[Site "Innsbruck"]
[Date "2024.06.01"]
[Round "2.17"]
[White "Neuschmied, Siegfried"]
[Black "Kimpel, Janine"]
[Result "1-0"]
[ECO "B05"]
[WhiteElo "2234"]
[BlackElo "1875"]
[Annotator "RC"]
[PlyCount "83"]
[EventDate "2024.06.01"]
[EventType "swiss"]
[EventCountry "AUT"]
[SourceTitle "playchess.com"]
[Source "ChessBase"]
[SourceQuality "1"]
[TimeControl "180+2"]

1. e4 Nf6 2. e5 Nd5 3. d4 d6 4. Nf3 Bg4 5. Be2 Nc6 6. O-O e6 7. c4 Nb6 8. exd6 cxd6 9. Nbd2 Be7 10. b3 O-O 11. Bb2 Bf6 12. h3 Bh5 13. Ne4 Be7 14. Ng3 Bg6 15. Qd2 d5 16. c5 Nd7 17. b4 a6 18. a4 Nf6 19. Bc3 Ne4 20. Nxe4 Bxe4 21. b5 axb5 22. axb5 Rxa1 23. Rxa1 Nb8 24. Ra8 Qc7 25. Ba5 Qd7 26. Ne5 Qc8 27. f3 Bf5 28. Bb6 Bd8 29. Ba7 Bc7 30. Nd3 Bxd3 31. Bxd3 Qd7 32. b6 Bg3 33. Qg5 Qa4 34. Qxg3 Qxd4+ 35. Kh2 Qxd3 36. Rxb8 h6 37. Rxf8+ Kxf8 38. Bb8 Qc4 39. Qf4 Kg8 40. Qxc4 dxc4 41. Be5 Kf8 42. c6 1-0

[Event "Austria Championship Blitz 2024"]
[Site "Innsbruck"]
[Date "2024.06.01"]
[Round "2.19"]
[White "Kondrak, Christoph"]
[Black "Haralcic, Edin"]
[Result "0-1"]
[ECO "A46"]
[WhiteElo "1972"]
[BlackElo "1936"]
[Annotator "RC"]
[PlyCount "76"]
[EventDate "2024.06.01"]
[EventType "swiss"]
[EventCountry "AUT"]
[SourceTitle "playchess.com"]
[Source "ChessBase"]
[SourceQuality "1"]
[TimeControl "180+2"]

1. d4 Nf6 2. Nf3 e6 3. Bf4 c5 4. dxc5 Bxc5 5. e3 O-O 6. a3 d5 7. Nbd2 Nc6 8. Be2 Bd6 9. Bg5 h6 10. Bh4 Be7 11. Bg3 Bd6 12. Rc1 Bxg3 13. hxg3 e5 14. O-O e4 15. Nd4 Nxd4 16. exd4 e3 17. fxe3 Re8 18. c4 Rxe3 19. Bf3 Qb6 20. cxd5 Qxd4 21. Kh2 Nxd5 22. Nc4 Rd3 23. Qe1 Be6 24. Be4 Rb3 25. Qa5 Nf6 26. Qa4 Ng4+ 27. Kh1 Rxg3 28. Nb6 Qxb6 29. Bf3 Ne5 30. Qc2 Nxf3 31. Rxf3 Rxf3 32. gxf3 Rc8 33. Qd2 Rxc1+ 34. Qxc1 Qc6 35. Qe3 Bd5 36. Kg2 Bxf3+ 37. Qxf3 Qxf3+ 38. Kxf3 Kf8 0-1